 Dungeon Crawl Stone Soup version 0.29.1-4-g47bece8355 (webtiles) character file.

Game seed: 10640075865760820320

696 conradc the Trooper (level 7, -1/55 HPs)
             Began as a Demonspawn Monk on Dec 10, 2022.
             Slain by a wight
             ... wielding a +0 hand axe
              (10 damage)
             ... on level 4 of the Dungeon.
             The game lasted 00:06:19 (3745 turns).

conradc the Trooper (Demonspawn Monk)               Turns: 3745, Time: 00:06:20

Health: -1/55      AC: 13    Str: 17    XL:     7   Next: 37%
Magic:  7/7        EV: 13    Int: 11    God:
Gold:   184        SH:  0    Dex: 17    Spells: 6/6 levels left

rFire   . . .      SeeInvis .   a - +0 falchion
rCold   . . .      Faith    .   (no shield)
rNeg    . . .      Spirit   .   p - +1 ring mail "Ytsyty" {Harm}
rPois   .          Reflect  .   (no helmet)
rElec   .          Harm     +   n - +3 cloak "Natier" {Str+5}
rCorr   .          Rampage  .   c - +0 pair of gloves
Will    .....                   (no boots)
Stlth   ++........              (no amulet)
HPRegen 0.18/turn               (no ring)
MPRegen 0.10/turn               (no ring)

@: mighty
A: yellow scales 1, powered by pain 1, spiny 1
a: no special abilities


You were on level 4 of the Dungeon.
You visited 1 branch of the dungeon, and saw 4 of its levels.

You collected 184 gold pieces.

Inventory:

Hand Weapons
 a - a +0 falchion (weapon)
Armour
 c - a +0 pair of gloves (worn)
 n - the +3 cloak "Natier" (worn) {Str+5}
   (You found it on level 2 of the Dungeon)

   Str:       It affects your strength (+5).
 p - the +1 ring mail "Ytsyty" (worn) {Harm}
   (You found it on level 3 of the Dungeon)

   Harm:      It increases damage dealt and taken.
Scrolls
 e - 3 scrolls of immolation {unknown}
 g - 2 scrolls of teleportation {unknown}
 i - 2 scrolls of fear {unknown}
 j - 5 scrolls of identify {unknown}
 l - 2 scrolls of noise {unknown}
 o - a scroll of torment {unknown}
Potions
 f - a potion of berserk rage {unknown}
 k - a potion of brilliance {unknown}
 m - a potion of invisibility {unknown}


   Skills:
 * Level 4.5 Fighting
 + Level 4.3 Long Blades
 * Level 1.9 Throwing
 * Level 2.4 Armour
 * Level 4.3 Dodging
 * Level 3.6 Stealth
 - Level 0.1 Spellcasting


You had 6 spell levels left.
You didn't know any spells.
Your spell library contained the following spells:

 Spells                   Type           Power      Damage    Failure   Level
 Blink                    Tloc           0%         N/A       67%         2
 Ensorcelled Hibernation  Hex/Ice        0%         N/A       67%         2
 Passwall                 Tmut/Erth      0%         N/A       67%         2
 Lesser Beckoning         Tloc           0%         N/A       88%         3
 Summon Guardian Golem    Hex/Summ       0%         N/A       88%         3
 Swiftness                Air            0%         N/A       88%         3
 Manifold Assault         Tloc           0%         N/A       100%        5
 Orb of Destruction       Conj           0%         9d5       100%        7
 Spellforged Servitor     Conj/Summ      0%         N/A       100%        7


Dungeon Overview and Level Annotations

Branches:
Dungeon (4/15)
 Temple: D:4-7

Altars:
Ru


Innate Abilities, Weirdness & Mutations

You are partially covered in yellow scales. (AC +2)
You sometimes gain a little power by taking damage.
You are partially covered in sharp spines.


Message History

The wight is struck by your spines. The wight hits you with a +4 flail!
A wight comes into view. It is wielding a +0 hand axe.
The wight hits you with a +4 flail.
Unknown command.
Unknown command.
You hit the wight.
The wight is moderately damaged.
The wight closely misses you.
You hit the wight but do no damage.
The wight is moderately damaged.
The wight hits you with a +4 flail.
A wight comes into view. It is wielding a +1 vorpal dire flail.
You hit the wight but do no damage.
The wight is moderately damaged.
The wight hits you with a +4 flail!
You feel drained.
You hit the wight.
The wight is severely damaged.
The wight hits you but does no damage.
You hit the wight but do no damage.
The wight is severely damaged.
The wight is struck by your spines.
You destroy the wight!
Your life force feels restored.
The wight attacks as you move away! The wight closely misses you.
The wight attacks as you move away! The wight hits you with a +0 scimitar!
* * * LOW HITPOINT WARNING * * *
It was a potion of might.
You feel very mighty all of a sudden. The wight hits you but does no damage.
You slash the wight!
You destroy the wight!
The wight hits you from afar with a +4 spear.
* * * LOW HITPOINT WARNING * * *
The wight attacks as you move away! The wight hits you but does no damage.
You slash the wight!
The wight is heavily damaged.
The wight hits you from afar with a +4 spear.
* * * LOW HITPOINT WARNING * * *
The wight hits you with a +0 hand axe!
You die...

##.######...#.###### #.#
##.#..# #.# ##...# ##.#
#...# #..# #...# #.## #...#
..# #...####### ..#
#######.......z.#
#.###...).......@zz.###.##..
.................)...).....(
#.#.#...............###.#...
####.######.........# ###.##
#...####### (#.## #...# ..##
#...# ### #...#
###########...#


You could see 3 wights.

Vanquished Creatures
  Sigmund (D:3)
  A sky beast (D:4)
  2 scorpions (D:4)
  2 wights (D:4)
  A hound (D:4)
  A jelly (D:4)
  6 adders
  A shadow imp (D:4)
  An ufetubus (D:4)
  4 dart slugs
  An orc (D:4)
  10 ball pythons
  7 endoplasms
  3 giant cockroaches
  7 goblins
  10 hobgoblins
  6 jackals
  10 kobolds
  3 quokkas
  8 bats
  5 rats
90 creatures vanquished.

Notes
Turn   | Place    | Note
-------+----------+-------------------------------------------
     0 | D:1      | conradc the Demonspawn Monk began the quest for the Orb.
     0 | D:1      | Reached XP level 1. HP: 18/18 MP: 1/1
   274 | D:1      | Gained mutation: You are partially covered in sharp spines.
                  | [demonic ancestry]
   274 | D:1      | Reached XP level 2. HP: 12/24 MP: 2/2
   865 | D:1      | Gained mutation: You sometimes gain a little power by
                  | taking damage. [demonic ancestry]
   865 | D:1      | Reached XP level 3. HP: 29/29 MP: 3/3
  1895 | D:2      | Reached XP level 4. HP: 37/37 MP: 4/4
  1983 | D:2      | Found a sacrificial altar of Ru.
  1984 | D:2      | Identified the +3 cloak "Natier" {Str+5}
  2405 | D:2      | Found a faded altar of an unknown god.
  2646 | D:3      | Identified the +1 ring mail "Ytsyty" {Harm}
  2880 | D:3      | Noticed Sigmund
  2912 | D:3      | Killed Sigmund
  2913 | D:3      | Reached skill level 1 in Throwing
  2913 | D:3      | Reached skill level 1 in Armour
  2913 | D:3      | Reached XP level 5. HP: 30/42 MP: 5/5
  2913 | D:3      | Gained mutation: You are partially covered in yellow
                  | scales. (AC +2) [demonic ancestry]
  2913 | D:3      | Reached XP level 6. HP: 35/48 MP: 6/6
  3359 | D:4      | Noticed a sky beast
  3377 | D:4      | Killed a sky beast
  3572 | D:4      | Reached XP level 7. HP: 44/55 MP: 7/7
  3745 | D:4      | Slain by a wight

Illustrated notes

Levels and vault maps discovered:
D:1:      dpeg_arrival_signposts, layout_loops_corners
D:2:      layout_loops_ring, basic_altar, shapermc_ecumenical_altar_mp_vishouse,
          minmay_hexomino_u4
D:3:      layout_loops_ring, kennysheep_another_room, uniq_sigmund
D:4:      layout_loops_cross

Skill      XL: |  1  2  3  4  5  6 |
---------------+-------------------+-----
Dodging        | 3 4 |  4.3
Long Blades    | 3 4 |  4.3
Stealth        | 2 3 |  3.6
Fighting       | 4 |  4.5
Throwing       | 1 |  1.9
Armour         | 1 2 |  2.4
Spellcasting   | |  0.1

Action                   |  1- 3 |  4- 6 |  7- 9 || total
-------------------------+-------+-------+-------++-------
Melee: Falchion          |    89 |    98 |    16 ||   203
Throw: Javelin           |       |    10 |     2 ||    12
  Use: Potion            |       |     1 |     1 ||     2
 Stab: Sleeping          |     4 |     7 |       ||    11
Armor: Robe              |     8 |       |       ||     8
       Leather armour    |    10 |    16 |       ||    26
       Ring mail         |       |    25 |     6 ||    31
Dodge: Dodged            |    60 |    51 |     8 ||   119
